[Event "Team 45 45 League T100"]
[Site "Internet Chess Club"]
[Date "2024.05.26"]
[Round "2"]
[White "Goli"]
[Black "fishhead"]
[Result "0-1"]
[WhiteElo "1757"]
[BlackElo "2002"]
[Opening "Sicilian: Alapin's variation (2.c3)"]
[ECO "B22"]
[Time "16:00:46"]
[PlyCount "34"]
[TimeControl "2700+45"]

1. e4 c5 2. c3 d5 3. exd5 Qxd5 4. d4 e5 5. Be3 cxd4 6. cxd4 Bb4+ 7. Nc3 Nc6 8.
Nf3 exd4 9. Nxd4 Nge7 10. Nb5 O-O 11. Nc7 Qe5 12. Nxa8 Nd5 13. Rc1 Rd8 14. Qb3
Nxe3 15. Be2 Nxg2+ 16. Kf1 Bh3 17. Kg1 Qg5 {White resigns} 0-1

[Event "Team 45 45 League T100"]
[Site "Internet Chess Club"]
[Date "2024.05.25"]
[Round "2"]
[White "ElValero"]
[Black "cysk"]
[Result "1/2-1/2"]
[WhiteElo "1625"]
[BlackElo "1667"]
[Opening "Dutch"]
[ECO "A80"]
[Time "07:23:18"]
[PlyCount "52"]
[TimeControl "2700+45"]

1. d4 f5 2. b3 Nf6 3. Bb2 e6 4. Nf3 d5 5. g3 c6 6. Bg2 Bd6 7. c4 O-O 8. O-O Nbd7
9. c5 Bc7 10. b4 b6 11. Qc2 bxc5 12. bxc5 Rb8 13. Nbd2 Ba6 14. Rfe1 Bb5 15. Bc3
Ne4 16. Rab1 Nxc3 17. Qxc3 Nf6 18. Ng5 Re8 19. f4 Ne4 20. Ngxe4 fxe4 21. Nb3 Bc4
22. Qc2 Bb5 23. Nd2 a5 24. a4 Ba6 25. Bf1 Qf6 26. e3 Bxf1 {Game drawn by mutual
agreement} 1/2-1/2

[Event "Team 45 45 League T100"]
[Site "Internet Chess Club"]
[Date "2024.05.28"]
[Round "2"]
[White "WillC"]
[Black "fireball"]
[Result "1-0"]
[WhiteElo "1557"]
[BlackElo "1499"]
[Opening "Queen's pawn game, Darooha variation "]
[ECO "D02"]
[Time "12:01:21"]
[PlyCount "107"]
[TimeControl "2700+45"]

1. d4 d5 2. Nf3 Nf6 3. g3 g6 4. Bg2 Bg7 5. O-O O-O 6. b3 b6 7. Bb2 Bb7 8. Nbd2
Nbd7 9. c4 c5 10. dxc5 Nxc5 11. cxd5 Nxd5 12. Bxg7 Kxg7 13. Rc1 Rc8 14. Nc4 f6
15. Re1 e5 16. e4 Nb4 17. Nd6 Rc7 18. Nxb7 Rxb7 19. Qe2 Qd3 20. Rcd1 Qxe2 21.
Rxe2 Rd7 22. Rxd7+ Nxd7 23. a3 Nc6 24. Rc2 Rc8 25. Bh3 f5 26. exf5 e4 27. f6+
Kf7 28. Ne5+ Ndxe5 29. Bxc8 Nf3+ 30. Kh1 Ncd4 31. Rc7+ Kxf6 32. b4 a5 33. bxa5
bxa5 34. Rc5 Nb3 35. Rb5 Nfd4 36. Rb6+ Ke5 37. h4 Kd5 38. h5 gxh5 39. Rh6 Nc2
40. Rxh5+ Kd4 41. a4 Nc5 42. g4 Nb4 43. Rxh7 Nbd3 44. Rf7 Ne5 45. Ra7 Nc4 46. g5
Nd6 47. Bg4 Nxa4 48. g6 Ne8 49. Bd7 Nf6 50. Bxa4 Ke5 51. g7 Kf5 52. Rf7 Kg6 53.
Rxf6+ Kxg7 54. Rf4 {Black resigns} 1-0

[Event "Team 45 45 League T100"]
[Site "Internet Chess Club"]
[Date "2024.05.23"]
[Round "2"]
[White "mongmong"]
[Black "ChessMaine"]
[Result "1/2-1/2"]
[WhiteElo "1442"]
[BlackElo "1478"]
[Opening "Colle system"]
[ECO "D05"]
[Time "19:01:15"]
[PlyCount "119"]
[TimeControl "2700+45"]

1. d4 d5 2. Nf3 Nf6 3. e3 e6 4. Bd3 c5 5. c3 b6 6. Nbd2 Bb7 7. O-O Nbd7 8. Qe2
Ne4 9. Ne5 Nxe5 10. dxe5 Qc7 11. f4 Rc8 12. Bb5+ Bc6 13. Bxc6+ Qxc6 14. Nxe4
dxe4 15. c4 Be7 16. Bd2 O-O 17. Bc3 Rc7 18. Rad1 Rd8 19. Rxd8+ Bxd8 20. Rd1 Rd7
21. Rd2 f5 22. exf6 Bxf6 23. Bxf6 gxf6 24. Qd1 Rxd2 25. Qxd2 Qc7 26. g4 f5 27.
h3 Qe7 28. Qg2 Kf7 29. gxf5 exf5 30. Qg3 Qf6 31. Qf2 Qg6+ 32. Kh2 Qf6 33. Qd2
Qe7 34. b3 Kf6 35. Qf2 Kf7 36. h4 Qf6 37. Kh3 Qg7 38. Qg2 Qxg2+ 39. Kxg2 h5 40.
Kf2 Ke6 41. Ke2 Kd6 42. Kd2 Kc6 43. Kc3 a5 44. a3 b5 45. cxb5+ Kxb5 46. a4+ Kb6
47. Kd2 Kc6 48. Kc2 Kd6 49. Kc3 Kd5 50. Kd2 Kd6 51. Kc2 Kc6 52. Kd2 Kd6 53. Kc3
Kd5 54. Kd2 Kc6 55. Kc2 Kd6 56. Kc3 Kd5 57. Kd2 Kd6 58. Kc2 Kc6 59. Kc3 Kd5 60.
Kd2 {Game drawn by repetition} 1/2-1/2

[Event "Team 45 45 League T100"]
[Site "Internet Chess Club"]
[Date "2024.05.24"]
[Round "2"]
[White "VictorRed"]
[Black "Packerfan"]
[Result "0-1"]
[WhiteElo "1714"]
[BlackElo "1743"]
[Opening "English opening"]
[ECO "A20"]
[Time "15:19:45"]
[PlyCount "126"]
[TimeControl "2700+45"]

1. c4 e5 2. e4 Nf6 3. d3 Bc5 4. Nc3 d6 5. Bg5 Nbd7 6. Nd5 h6 7. Nxf6+ Nxf6 8.
Bh4 Be6 9. Nf3 Qd7 10. a3 g5 11. Bg3 g4 12. Nd2 Nh5 13. b4 Bd4 14. Rb1 Nf4 15.
Bxf4 exf4 16. Qc2 h5 17. Nb3 Bf6 18. d4 Qa4 19. d5 Bd7 20. Qc1 O-O-O 21. Bd3 Be8
22. Qxf4 Bc3+ 23. Nd2 Qxa3 24. O-O Kb8 25. b5 Be5 26. Qe3 Qc5 27. Qxc5 dxc5 28.
Nb3 b6 29. f4 gxf3 30. Rxf3 f6 31. h4 Bd7 32. g3 Rdg8 33. Kf2 Rg7 34. Rg1 Rhg8
35. Re3 a5 36. bxa6 Ba4 37. Nxc5 bxc5 38. Rb1+ Ka7 39. Rf3 Rxg3 40. Rxg3 Rxg3
41. Be2 Rc3 42. Bxh5 Kxa6 43. Rh1 Ka5 44. Be2 Bd4+ 45. Kg2 Re3 46. Bf3 Bc2 47.
h5 Bxe4 48. Bxe4 Rxe4 49. h6 Re8 50. h7 Rh8 51. Kf3 Kb4 52. Ke4 Kxc4 53. Rh5 f5+
54. Kxf5 Kxd5 55. Kg6+ Kc4 56. Rh1 Kb3 57. Rb1+ Bb2 58. Rd1 c4 59. Rd7 c5 60.
Rb7+ Kc2 61. Kf5 Bd4 62. Ke4 c3 63. Rc7 Kd2 {White resigns} 0-1

[Event "Team 45 45 League T100"]
[Site "Internet Chess Club"]
[Date "2024.05.26"]
[Round "2"]
[White "Strarzz"]
[Black "Portola"]
[Result "1-0"]
[WhiteElo "1686"]
[BlackElo "1612"]
[Opening "French: Rubinstein variation"]
[ECO "C10"]
[Time "08:09:49"]
[PlyCount "39"]
[TimeControl "2700+45"]

1. e4 e6 2. d4 d5 3. Nc3 dxe4 4. Nxe4 Be7 5. Bd3 Nd7 6. Nf3 Ngf6 7. c3 O-O 8.
Qe2 b6 9. Nxf6+ Nxf6 10. Bg5 Bb7 11. O-O-O c6 12. h4 g6 13. h5 Nd5 14. Bh6 Re8
15. hxg6 hxg6 16. Bxg6 Bf6 17. Qe4 Qc7 18. Bh7+ Kh8 19. Qg4 Bxd4 20. Bf5 {Black
resigns} 1-0

[Event "Team 45 45 League T100"]
[Site "Internet Chess Club"]
[Date "2024.05.24"]
[Round "2"]
[White "kabindra"]
[Black "Salvatore"]
[Result "1-0"]
[WhiteElo "1679"]
[BlackElo "1472"]
[Opening "French: advance variation"]
[ECO "C02"]
[Time "16:00:17"]
[PlyCount "73"]
[TimeControl "2700+45"]

1. e4 e6 2. d4 d5 3. e5 c5 4. c3 cxd4 5. cxd4 Bd7 6. Nf3 a6 7. Bd3 Bb5 8. Ng5
Bxd3 9. Qxd3 g6 10. Qf3 Qd7 11. Nc3 Nc6 12. Be3 Nh6 13. O-O Nf5 14. Ne2 Bh6 15.
Nh3 Bg7 16. Qg4 h5 17. Qf3 O-O-O 18. Rfd1 Kb8 19. Bg5 Rdf8 20. Qc3 Rc8 21. Qd3
Rcf8 22. a3 f6 23. exf6 Bxf6 24. Bf4+ Ka8 25. b4 e5 26. dxe5 Bxe5 27. Rab1 Rd8
28. b5 Na7 29. bxa6 bxa6 30. Bxe5 Rhe8 31. f4 Nc6 32. Qxa6+ Na7 33. Nd4 Nxd4 34.
Bxd4 Re6 35. Qa5 Re2 36. Bxa7 Rxg2+ 37. Kh1 {Black resigns} 1-0

[Event "Team 45 45 League T100"]
[Site "Internet Chess Club"]
[Date "2024.05.25"]
[Round "2"]
[White "cayo89"]
[Black "burlap"]
[Result "1-0"]
[WhiteElo "1529"]
[BlackElo "1467"]
[Opening "Queen's pawn, Mason variation"]
[ECO "D00"]
[Time "09:20:31"]
[PlyCount "77"]
[TimeControl "2700+45"]

1. d4 d5 2. Bf4 Nf6 3. e3 c5 4. c3 g6 5. Nd2 cxd4 6. exd4 Bg7 7. Ngf3 O-O 8. Be2
Nc6 9. h4 Bg4 10. Ne5 Bxe2 11. Qxe2 Nxe5 12. dxe5 Nh5 13. Bh2 e6 14. g4 Nf6 15.
exf6 Qxf6 16. g5 Qf5 17. O-O Qc2 18. Rab1 Rfd8 19. Rfc1 Qa4 20. Nf3 Rac8 21. Be5
Bxe5 22. Qxe5 Qg4+ 23. Qg3 Qxg3+ 24. fxg3 f5 25. gxf6 Rf8 26. Ne5 Rxf6 27. Rf1
Rxf1+ 28. Rxf1 Rf8 29. Rxf8+ Kxf8 30. Kf2 Ke7 31. Ke3 Kf6 32. Kf4 h6 33. Ng4+
Kg7 34. Ke5 h5 35. Nf2 Kh6 36. Kxe6 g5 37. Kxd5 gxh4 38. gxh4 Kg6 39. Kd6 {Black
resigns} 1-0

[Event "Team 45 45 League T100"]
[Site "Internet Chess Club"]
[Date "2024.05.27"]
[Round "2"]
[White "fileman"]
[Black "room-matt"]
[Result "0-1"]
[WhiteElo "1731"]
[BlackElo "1836"]
[Opening "Queen's pawn game"]
[ECO "A46"]
[Time "12:02:44"]
[PlyCount "80"]
[TimeControl "2700+45"]

1. d4 Nf6 2. Nf3 e6 3. g3 d5 4. Bg2 Bd6 5. O-O O-O 6. Re1 c5 7. c3 Nc6 8. Nbd2
cxd4 9. cxd4 Bb4 10. e3 b6 11. a3 Bd6 12. b4 a5 13. b5 Ne7 14. e4 dxe4 15. Nxe4
Nxe4 16. Rxe4 Bb7 17. Re1 Nd5 18. Bb2 Rc8 19. Rc1 Qf6 20. Qd2 h6 21. Ne5 Qf5 22.
Be4 Qh5 23. Bf3 Qf5 24. Be4 Qh5 25. Bf3 Qf5 26. Bg4 Qh7 27. Nxf7 Rxc1 28. Qxc1
Kxf7 29. Bxe6+ Kf6 30. Qd1 Re8 31. Qf3+ Bf4 32. Qg4 h5 33. Qh4+ Bg5 34. Qh3 Bc8
35. f4 Bxf4 36. gxf4 Qg6+ 37. Kf2 Rxe6 38. Qh4+ Kf7 39. Rxe6 Bxe6 40. Qd8 Qc2+
{White resigns} 0-1

[Event "Team 45 45 League T100"]
[Site "Internet Chess Club"]
[Date "2024.05.28"]
[Round "2"]
[White "Beetlejuice"]
[Black "MrAbendroth"]
[Result "1-0"]
[WhiteElo "1726"]
[BlackElo "1669"]
[Opening "French defense, Steiner variation"]
[ECO "A13"]
[Time "14:02:07"]
[PlyCount "77"]
[TimeControl "2700+45"]

1. c4 e6 2. e4 d5 3. cxd5 exd5 4. exd5 Nf6 5. Bb5+ Nbd7 6. Nc3 Be7 7. Nf3 O-O 8.
h3 Nb6 9. d4 Nbxd5 10. a3 c6 11. Bd3 h6 12. O-O Be6 13. Re1 Qd6 14. Ne5 Rad8 15.
Be3 Nxe3 16. fxe3 c5 17. Nf3 Bxh3 18. gxh3 Qg3+ 19. Kh1 Qxh3+ 20. Kg1 Qg3+ 21.
Kh1 Ng4 22. Ne4 Qh3+ 23. Kg1 Bh4 24. Bf1 Nxe3 25. Bxh3 Nxd1 26. Rexd1 Be7 27.
dxc5 f5 28. Nd6 g5 29. Nxf5 Bxc5+ 30. Kg2 Kh7 31. Rac1 Bb6 32. Re1 Rde8 33. Nd6
Re3 34. Rxe3 Bxe3 35. Rc7+ Kg6 36. Bf5+ Kh5 37. Re7 Bf4 38. Re1 g4 39. Rh1+
{Black resigns} 1-0

[Event "Team 45 45 League T100"]
[Site "Internet Chess Club"]
[Date "2024.05.26"]
[Round "2"]
[White "LoseOften"]
[Black "bobhill"]
[Result "0-1"]
[WhiteElo "1659"]
[BlackElo "1858"]
[Opening "Sicilian: dragon, Yugoslav attack, Rauser variation"]
[ECO "B76"]
[Time "14:00:39"]
[PlyCount "56"]
[TimeControl "2700+45"]

1. e4 c5 2. Nc3 Nc6 3. Nf3 d6 4. d4 cxd4 5. Nxd4 g6 6. Be3 Bg7 7. Qd2 Nf6 8. f3
O-O 9. O-O-O d5 10. exd5 Nxd5 11. Nxc6 bxc6 12. Bd4 e5 13. Bc5 Qa5 14. Bxf8 Bxf8
15. Nxd5 Qxa2 16. Nf6+ Kh8 17. c3 Bf5 18. Ne4 Rb8 19. Qc2 Bh6+ 20. Rd2 Bxd2+ 21.
Kxd2 Rxb2 22. Bd3 Rxc2+ 23. Bxc2 Be6 24. Nc5 Qd5+ 25. Nd3 e4 26. fxe4 Qg5+ 27.
Kd1 Bg4+ 28. Ke1 Qe3+ {White resigns} 0-1

[Event "Team 45 45 League T100"]
[Site "Internet Chess Club"]
[Date "2024.05.24"]
[Round "2"]
[White "Gojira"]
[Black "Egmont"]
[Result "0-1"]
[WhiteElo "1630"]
[BlackElo "1629"]
[Opening "QGD semi-Slav"]
[ECO "D43"]
[Time "12:03:35"]
[PlyCount "66"]
[TimeControl "2700+45"]

1. d4 d5 2. Nf3 Nf6 3. c4 c6 4. Nc3 e6 5. g3 h6 6. Bg2 Bd6 7. Qd3 O-O 8. O-O
Nbd7 9. e4 dxe4 10. Nxe4 Nxe4 11. Qxe4 Nf6 12. Qd3 Rb8 13. Rd1 b5 14. c5 Bc7 15.
b4 Nd5 16. Qb3 a5 17. a3 a4 18. Qd3 Qe7 19. Ne1 Re8 20. f4 g5 21. fxg5 hxg5 22.
Bb2 e5 23. Bxd5 cxd5 24. dxe5 Bxe5 25. Bxe5 Qxe5 26. Qxd5 Qe3+ 27. Kf1 Bg4 28.
Rd3 Be2+ 29. Kg2 Bxd3 30. Nxd3 Rbd8 31. Qf5 Rxd3 32. Rf1 Rd2+ 33. Kh3 Qe6 {White
resigns} 0-1

[Event "Team 45 45 League T100"]
[Site "Internet Chess Club"]
[Date "2024.05.27"]
[Round "2"]
[White "zugknightly"]
[Black "fishhead"]
[Result "1/2-1/2"]
[WhiteElo "1847"]
[BlackElo "2023"]
[Opening "English opening"]
[ECO "A20"]
[Time "15:00:30"]
[PlyCount "46"]
[TimeControl "2700+45"]

1. c4 e5 2. g3 Nf6 3. Bg2 Be7 4. Nc3 c6 5. d4 d6 6. e3 Na6 7. b3 O-O 8. Nge2 Re8
9. O-O Bf5 10. e4 Bg6 11. d5 cxd5 12. cxd5 b5 13. f3 Qb6+ 14. Kh1 Rac8 15. Bb2
Nd7 16. a3 b4 17. axb4 Nxb4 18. Na4 Qb7 19. Bc3 Nc5 20. Nxc5 Rxc5 21. Qd2 Rb5
22. Ra4 a5 23. Rfa1 Na6 {Game drawn by mutual agreement} 1/2-1/2

[Event "Team 45 45 League T100"]
[Site "Internet Chess Club"]
[Date "2024.05.27"]
[Round "2"]
[White "LookImYourVader"]
[Black "Lawkeito"]
[Result "1-0"]
[WhiteElo "1767"]
[BlackElo "1683"]
[Opening "Sicilian: Alapin's variation (2.c3)"]
[ECO "B22"]
[Time "17:04:39"]
[PlyCount "155"]
[TimeControl "2700+45"]

1. e4 c5 2. c3 Nf6 3. e5 Nd5 4. d4 cxd4 5. cxd4 d6 6. Nf3 Nc6 7. Bc4 e6 8. O-O
Be7 9. Qe2 Nb6 10. Bb3 Na5 11. Bc2 Bd7 12. Bd2 Nd5 13. Nc3 Bc6 14. Ne4 dxe5 15.
Nxe5 Nb4 16. Bxb4 Bxb4 17. a3 Be7 18. Rfd1 Bd5 19. Qf3 O-O 20. Qh5 h6 21. Rac1
Rc8 22. b4 Rxc2 23. Rxc2 Bxe4 24. Re2 Bg6 25. Nxg6 fxg6 26. Qxa5 Qxa5 27. bxa5
Bxa3 28. Rxe6 Bb4 29. Re5 Bc3 30. Rb5 Rf7 31. Rc5 Bb4 32. Rc8+ Kh7 33. Ra8 a6
34. Rb1 Bxa5 35. Ra7 Bc3 36. Rbxb7 Rxb7 37. Rxb7 Bxd4 38. Rd7 Bc3 39. Rd6 a5 40.
Ra6 g5 41. f3 Bb4 42. Kf1 Bc3 43. Ke2 Bb4 44. Kd3 Be1 45. Ke4 Bb4 46. Kf5 Bc3
47. Rc6 Bd2 48. Ke6 Bb4 49. Kf7 Bd2 50. Rc5 a4 51. Rc2 Be3 52. Ra2 Bg1 53. h3
Bh2 54. Rxa4 Be5 55. h4 gxh4 56. Rxh4 Bb2 57. Rg4 Bc3 58. Rc4 Bb2 59. Ra4 Bc3
60. Rc4 Bb2 61. Rb4 Bc3 62. Rb3 Bd4 63. Rb7 Be3 64. Rc7 Bd2 65. Rc4 Be1 66. Rg4
Bc3 67. f4 Bb2 68. Rg6 Bc3 69. f5 Bd4 70. f6 gxf6 71. Rxf6 Be3 72. Ke6 Kg7 73.
Kf5 Bd2 74. Re6 Bb4 75. Kg4 Bc3 76. Kh5 Bf6 77. Rxf6 Kxf6 78. Kxh6 {Black
resigns} 1-0

[Event "Team 45 45 League T100"]
[Site "Internet Chess Club"]
[Date "2024.05.24"]
[Round "2"]
[White "VictorRed"]
[Black "ElValero"]
[Result "1-0"]
[WhiteElo "1730"]
[BlackElo "1609"]
[Opening "Queen's pawn game, Darooha variation "]
[ECO "D02"]
[Time "09:17:16"]
[PlyCount "109"]
[TimeControl "2700+45"]

1. d4 Nf6 2. Nf3 d5 3. g3 g6 4. Bg2 Bg7 5. O-O O-O 6. Nc3 Re8 7. Bf4 Ne4 8. Nxe4
dxe4 9. Ne5 f6 10. Nc4 f5 11. c3 Nd7 12. Qb3 e6 13. Rfd1 g5 14. Bc1 b6 15. f3
Bb7 16. Na5 Ba6 17. Nc6 Qf6 18. fxe4 Bxe2 19. e5 Bxd1 20. Qxd1 Qf7 21. Bxg5 Qg6
22. Qd2 h6 23. Ne7+ Rxe7 24. Bxe7 Re8 25. Ba3 Rd8 26. Qe2 c5 27. Rd1 Nf8 28.
dxc5 Rxd1+ 29. Qxd1 Bxe5 30. c6 Bc7 31. Bxf8 Kxf8 32. Qd7 Qf7 33. Qxf7+ Kxf7 34.
Kf2 Ke7 35. h3 e5 36. a4 Kd6 37. Ke3 h5 38. Bf3 e4 39. Bxh5 Kxc6 40. g4 fxg4 41.
hxg4 Bd8 42. Kxe4 b5 43. axb5+ Kxb5 44. b3 Bf6 45. Kd3 a5 46. Be8+ Kc5 47. Ba4
Kd5 48. c4+ Ke5 49. c5 Bd8 50. Kc4 Ke6 51. Kb5 Kd5 52. c6 Bc7 53. g5 Ke5 54. Ka6
Kf5 55. Kb7 {Black resigns} 1-0

[Event "Team 45 45 League T100"]
[Site "Internet Chess Club"]
[Date "2024.05.23"]
[Round "2"]
[White "vollmerj"]
[Black "kabindra"]
[Result "1/2-1/2"]
[WhiteElo "1527"]
[BlackElo "1742"]
[Opening "Réti: King's Indian attack (Barcza system)"]
[ECO "A07"]
[Time "15:00:24"]
[PlyCount "138"]
[TimeControl "2700+45"]

1. Nf3 d5 2. g3 Nc6 3. Bg2 Bf5 4. d3 Qd7 5. O-O Bh3 6. Nc3 d4 7. Ne4 e5 8. Bxh3
Qxh3 9. Nfg5 Qd7 10. f4 f6 11. Nf3 O-O-O 12. fxe5 fxe5 13. e3 dxe3 14. Bxe3 Nf6
15. Nxf6 gxf6 16. Qe2 Bd6 17. Nh4 Nd4 18. Bxd4 exd4 19. Qh5 Kb8 20. Qf5 Qc6 21.
Rf2 Be5 22. Qf3 Qb6 23. b3 Rhg8 24. Nf5 h5 25. a4 Qe6 26. Re1 Rg4 27. Re4 Rdg8
28. Rxg4 Rxg4 29. Re2 Qe8 30. h3 Rg5 31. Rg2 Qg8 32. Kf2 a6 33. g4 hxg4 34. Rxg4
Rxg4 35. Qxg4 Qd5 36. Ne7 Qh1 37. Qg8+ Ka7 38. Nc8+ Kb8 39. Ne7+ Ka7 40. Qg2 Qc1
41. Kf3 Qf4+ 42. Ke2 Qe3+ 43. Kd1 Bf4 44. Nd5 Qc1+ 45. Ke2 Qxc2+ 46. Kf3 Qxg2+
47. Kxg2 Be5 48. Kf3 c6 49. Ne7 Kb6 50. Ke4 Kc5 51. Nf5 b5 52. axb5 cxb5 53. h4
a5 54. h5 a4 55. bxa4 bxa4 56. h6 a3 57. h7 a2 58. h8=Q a1=Q 59. Qc8+ Kb5 60.
Qc4+ Ka5 61. Qc5+ Ka6 62. Qc8+ Kb6 63. Qd8+ Kb7 64. Qd5+ Kb6 65. Qe6+ Kc7 66.
Qe7+ Kb6 67. Qb4+ Kc7 68. Qc5+ Kb7 69. Qb5+ Kc7 {Game drawn by mutual agreement}
1/2-1/2

[Event "Team 45 45 League T100"]
[Site "Internet Chess Club"]
[Date "2024.05.25"]
[Round "2"]
[White "martineden"]
[Black "primerpaso"]
[Result "1-0"]
[WhiteElo "1814"]
[BlackElo "1791"]
[Opening "QGD: Lasker defense, Teichmann variation"]
[ECO "D56"]
[Time "10:15:13"]
[PlyCount "89"]
[TimeControl "2700+45"]

1. d4 Nf6 2. Nf3 d5 3. c4 e6 4. Nc3 Be7 5. Bg5 O-O 6. e3 h6 7. Bh4 Ne4 8. Bxe7
Qxe7 9. Qc2 Nxc3 10. Qxc3 b6 11. cxd5 exd5 12. Rc1 c6 13. Bd3 Bb7 14. O-O Nd7
15. b4 Rac8 16. Rc2 b5 17. Bf5 Rc7 18. Bxd7 Qxd7 19. Ne5 Qf5 20. Rfc1 f6 21. Nd3
Ra8 22. Nc5 Bc8 23. Nb3 Bd7 24. Nc5 Bc8 25. Qa3 a5 26. bxa5 Rca7 27. Nb3 Bd7 28.
Qd6 Be8 29. Qf4 Qxf4 30. exf4 Re7 31. f3 Kf7 32. Kf2 Bd7 33. Re2 Rxe2+ 34. Kxe2
Ke7 35. Kd2 Kd6 36. Re1 h5 37. Kc3 Ra7 38. Kb4 Rc7 39. Nc5 Ra7 40. a6 Bc8 41.
Ka5 Kc7 42. Re7+ Kb8 43. Re8 Kc7 44. Rg8 Kb8 45. Kb6 {Black resigns} 1-0

[Event "Team 45 45 League T100"]
[Site "Internet Chess Club"]
[Date "2024.05.23"]
[Round "2"]
[White "trombone"]
[Black "QuieroAprender"]
[Result "0-1"]
[WhiteElo "1787"]
[BlackElo "1709"]
[Opening "King's pawn game"]
[ECO "C21"]
[Time "17:42:11"]
[PlyCount "38"]
[TimeControl "2700+45"]

1. e4 e5 2. d4 d6 3. dxe5 Nc6 4. exd6 Bxd6 5. Bd3 Nf6 6. h3 Qe7 7. Qe2 Nd4 8.
Qe3 Bc5 9. Qg5 h6 10. Qh4 Nf5 11. Qf4 g5 12. Qd2 Nxe4 13. Bxe4 Qxe4+ 14. Qe2 Qe6
15. Qxe6+ Bxe6 16. Nf3 O-O-O 17. Bd2 Rhe8 18. O-O Bc4 19. Nc3 Bxf1 {White
resigns} 0-1

[Event "Team 45 45 League T100"]
[Site "Internet Chess Club"]
[Date "2024.05.27"]
[Round "2"]
[White "Portola"]
[Black "jjmolina1"]
[Result "1/2-1/2"]
[WhiteElo "1606"]
[BlackElo "1487"]
[Opening "Queen's pawn game"]
[ECO "D02"]
[Time "09:01:50"]
[PlyCount "106"]
[TimeControl "2700+45"]

1. d4 d5 2. Nf3 c6 3. c3 Nf6 4. Bg5 Nbd7 5. Nbd2 g6 6. e3 Bg7 7. Bd3 O-O 8. O-O
Re8 9. Qe2 e5 10. dxe5 Nxe5 11. Nxe5 Rxe5 12. Bf4 Re8 13. Rfe1 Nh5 14. Qf3 Be6
15. Nb3 b6 16. Nd4 Bd7 17. Rad1 Nxf4 18. exf4 Qf6 19. g3 Rxe1+ 20. Rxe1 Re8 21.
Rxe8+ Bxe8 22. Qg4 Qe7 23. Nc2 Bd7 24. Qf3 Qf6 25. Qe3 Bf8 26. Qf3 h5 27. Qe2
Qe7 28. Qd2 Qf6 29. Qe3 Qe7 30. Kg2 Qxe3 31. fxe3 c5 32. Kf2 b5 33. Be2 Bd6 34.
Bf3 Bc6 35. a3 f5 36. h3 a5 37. b3 Kf7 38. h4 Ke6 39. Ke2 Kf6 40. Kd2 Ke6 41.
Ke2 Kf6 42. b4 a4 43. Kd3 Ke6 44. Kd2 Kf6 45. bxc5 Bxc5 46. Nb4 Bxb4 47. cxb4
Ke6 48. Kd3 Kd6 49. Kd4 Ba8 50. Be2 Bc6 51. Bd3 Bd7 52. Bb1 Bc6 53. Ba2 Ba8
{Game drawn by mutual agreement} 1/2-1/2

[Event "Team 45 45 League T100"]
[Site "Internet Chess Club"]
[Date "2024.05.28"]
[Round "2"]
[White "Gilguli"]
[Black "julesraider"]
[Result "1-0"]
[WhiteElo "1467"]
[BlackElo "1608"]
[Opening "Caro-Kann defense"]
[ECO "B11"]
[Time "16:09:16"]
[PlyCount "37"]
[TimeControl "2700+45"]

1. e4 c6 2. Nc3 d5 3. e5 Bf5 4. f4 e6 5. Nf3 Nd7 6. g3 Ne7 7. Bg2 h5 8. h3 Ng6
9. d4 Be7 10. Ne2 c5 11. O-O cxd4 12. Kh2 Be4 13. Nexd4 h4 14. g4 Nxf4 15. Bxf4
Qb6 16. Be3 Bc5 17. c3 a5 18. Qb3 Qc6 19. Nxc6 {Black resigns} 1-0

[Event "Team 45 45 League T100"]
[Site "Internet Chess Club"]
[Date "2024.05.28"]
[Round "2"]
[White "AlWynJones"]
[Black "ElValero"]
[Result "0-1"]
[WhiteElo "1495"]
[BlackElo "1634"]
[Opening "English opening"]
[ECO "A13"]
[Time "09:00:17"]
[PlyCount "86"]
[TimeControl "2700+45"]

1. c4 e6 2. Nc3 c5 3. e4 d6 4. f4 Ne7 5. Nf3 g6 6. Be2 Bg7 7. d4 cxd4 8. Nxd4
O-O 9. O-O Qb6 10. Be3 Qxb2 11. Ncb5 Nbc6 12. Nxc6 bxc6 13. Bd4 Bxd4+ 14. Nxd4
d5 15. cxd5 cxd5 16. exd5 Nxd5 17. f5 Ne3 18. Qd3 Nxf1 19. Rxf1 Rd8 20. Rb1
Qxd4+ 21. Qxd4 Rxd4 22. Bf3 Bb7 23. Rxb7 gxf5 24. Rxf7 Kxf7 25. Bxa8 Ra4 26. g4
Rxg4+ 27. Kf2 Ra4 28. h3 Rxa2+ 29. Kf3 Kf6 30. h4 Rh2 31. Kg3 Rb2 32. Bc6 e5 33.
h5 h6 34. Bd5 a5 35. Kh4 a4 36. Bg8 a3 37. Bb3 a2 38. Bxa2 Rxa2 39. Kg3 Kg5 40.
Kh3 Ra3+ 41. Kg2 Kf4 42. Kf2 Ra2+ 43. Kg1 Kf3 {White resigns} 0-1

[Event "Team 45 45 League T100"]
[Site "Internet Chess Club"]
[Date "2024.05.26"]
[Round "2"]
[White "Salvatore"]
[Black "Megasus"]
[Result "0-1"]
[WhiteElo "1460"]
[BlackElo "1566"]
[Opening "Sicilian: closed"]
[ECO "B23"]
[Time "14:00:30"]
[PlyCount "110"]
[TimeControl "2700+45"]

1. e4 c5 2. Nc3 a6 3. Be2 e6 4. f4 Nc6 5. Nf3 h6 6. O-O Qc7 7. d4 cxd4 8. Nxd4
Nxd4 9. Be3 Nxe2+ 10. Qxe2 b5 11. Kh1 Bb7 12. f5 Nf6 13. fxe6 dxe6 14. Bd4 Be7
15. Rad1 Qc4 16. Qf3 O-O 17. b3 Qc7 18. Bf2 b4 19. Na4 Bxe4 20. Qh3 Qxc2 21. Rc1
Qxa2 22. Bc5 Bxc5 23. Nxc5 Qxg2+ 24. Qxg2 Bxg2+ 25. Kxg2 Rfc8 26. Na4 Rxc1 27.
Rxc1 Nd5 28. Kg3 Nc3 29. Nxc3 bxc3 30. Rxc3 a5 31. h4 a4 32. bxa4 Rxa4 33. Rc8+
Kh7 34. Rc7 Kg6 35. h5+ Kf6 36. Rc6 Ra5 37. Kg4 Rg5+ 38. Kh4 Rf5 39. Kg4 g6 40.
hxg6 Kxg6 41. Rc8 h5+ 42. Kg3 Rg5+ 43. Kh4 Rg4+ 44. Kh3 Kg5 45. Rf8 f6 46. Rg8+
Kf5 47. Rh8 Rg5 48. Ra8 e5 49. Rf8 e4 50. Re8 Kf4 51. Kh4 f5 52. Re7 e3 53. Rxe3
Kxe3 54. Kxg5 f4 55. Kxh5 f3 {White resigns} 0-1

[Event "Team 45 45 League T100"]
[Site "Internet Chess Club"]
[Date "2024.05.26"]
[Round "2"]
[White "fvafier"]
[Black "cayo89"]
[Result "0-1"]
[WhiteElo "1439"]
[BlackElo "1542"]
[Opening "Pirc defense"]
[ECO "B07"]
[Time "08:04:59"]
[PlyCount "110"]
[TimeControl "2700+45"]

1. e4 d6 2. d4 Nf6 3. Nc3 e5 4. Nge2 Nbd7 5. g4 Nxg4 6. Ng3 Ngf6 7. Bg2 g6 8.
Be3 Bg7 9. Qe2 c6 10. dxe5 dxe5 11. Rd1 Qc7 12. h4 h5 13. f3 O-O 14. a3 a5 15.
Kf2 Re8 16. Qc4 Qb8 17. Nge2 Nf8 18. Ng1 Be6 19. Qe2 b5 20. Nh3 Bxh3 21. Bxh3
Ne6 22. Bxe6 Rxe6 23. Bg5 Qc7 24. Rd3 Rd8 25. Rhd1 Red6 26. Be3 Rxd3 27. Rxd3
Rxd3 28. Qxd3 Qd7 29. Qe2 Qh3 30. Bg5 Qh2+ 31. Ke3 Qxe2+ 32. Kxe2 Nh7 33. Be3
Bf8 34. Bf2 Be7 35. Nd1 f6 36. Ne3 Kf7 37. Kd3 Ke6 38. c4 b4 39. axb4 axb4 40.
b3 Nf8 41. Nc2 Nd7 42. Be1 c5 43. Ne3 Nb8 44. Nd5 Bd6 45. Bf2 Nc6 46. Kd2 Nd4
47. Bxd4 cxd4 48. Kd3 g5 49. hxg5 fxg5 50. Ke2 Kf7 51. Kf2 Bc5 52. Kg2 h4 53.
Kf2 h3 54. Kg3 d3 55. Kxh3 d2 {White resigns} 0-1

[Event "Team 45 45 League T100"]
[Site "Internet Chess Club"]
[Date "2024.05.23"]
[Round "2"]
[White "Toalla"]
[Black "Denis240964"]
[Result "0-1"]
[WhiteElo "1108"]
[BlackElo "1326"]
[Opening "Center game"]
[ECO "C22"]
[Time "10:00:23"]
[PlyCount "34"]
[TimeControl "2700+45"]

1. e4 e5 2. d4 exd4 3. Qxd4 Nc6 4. Qa4 Bc5 5. Nf3 d6 6. h3 Bd7 7. Bb5 Nf6 8. Bg5
a6 9. Bxc6 Bxc6 10. Qb3 Bxe4 11. Bxf6 Qxf6 12. Nbd2 Bc6 13. O-O O-O 14. Rfe1
Rfe8 15. Rxe8+ Rxe8 16. Re1 Rxe1+ 17. Nxe1 Bxf2+ {White resigns} 0-1